 Dungeon Crawl Stone Soup version 0.27.1 (webtiles) character file.

Game seed: 2790177132492790265

2965 Malachi the Grappler (level 9, -4/74 HPs)
             Began as a Troll Earth Elementalist on Aug 29, 2021.
             Was a Believer of Kikubaaqudgha.
             Slain by an unseen horror (10 damage)
             ... on level 8 of the Dungeon.
             The game lasted 00:14:02 (7301 turns).

Malachi the Grappler (Troll Earth Elementalist)     Turns: 7301, Time: 00:14:04

Health: -4/74      AC:  4    Str: 18    XL:     9   Next: 52%
Magic:  18/18      EV:  9    Int: 14    God:    Kikubaaqudgha [**....]
Gold:   186        SH:  0    Dex: 10    Spells: 4/10 levels left

rFire    . . .     SeeInvis .     - Unarmed
rCold    + . .     Faith    .   (no shield)
rNeg     . . .     Spirit   .   b - +0 robe
rPois    .         Reflect  .   (helmet restricted)
rElec    .         Harm     .   (no cloak)
rCorr    .         Rampage  .   (gloves unavailable)
Will     .....                  (boots unavailable)
Stlth    +.........             (no amulet)
HPRegen  1.22/turn              h - ring of magical power
MPRegen  0.16/turn              p - ring of protection from cold

@: no status effects
A: large, unfitting armour, claws 3, regeneration 1, shaggy fur 1, tough skin 1
a: Renounce Religion, Receive Corpses


You were on level 8 of the Dungeon.
You worshipped Kikubaaqudgha.
Kikubaaqudgha was pleased with you.
You visited 2 branches of the dungeon, and saw 9 of its levels.

You collected 296 gold pieces.
You spent 110 gold pieces at shops.

Inventory:

Hand Weapons
 u - a +3 whip of electrocution
Missiles
 c - 189 stones
 w - a throwing net
 x - 6 large rocks
Armour
 b - a +0 robe (worn)
Magical Staves
 n - a staff of conjuration
Jewellery
 h - a ring of magical power (left claw)
 m - a ring of resist corrosion
 p - a ring of protection from cold (right claw)
 r - a +6 ring of dexterity
Wands
 s - a wand of polymorph (9)
 y - a wand of digging (4)
Scrolls
 e - 7 scrolls of teleportation
 f - 2 scrolls of summoning
 g - 4 scrolls of immolation
 i - 2 scrolls of vulnerability
 v - 3 scrolls of enchant armour
 z - a scroll of silence {unknown}
Potions
 a - a potion of resistance {unknown}
 d - 3 potions of haste
 j - 7 potions of curing
 k - a potion of ambrosia
 l - a potion of degeneration {unknown}
 q - 2 potions of lignification


   Skills:
 - Level 1.5 Dodging
 - Level 1.0 Stealth
 + Level 10.3 Unarmed Combat
 - Level 1.2 Spellcasting
 - Level 0.6 Transmutations
 + Level 8.1 Earth Magic


You had 4 spell levels left.
You knew the following spells:

 Your Spells              Type           Power      Damage    Failure   Level
a - Sandblast             Erth           46%        2d11      1%          1
b - Passwall              Tmut/Erth      10%        N/A       7%          2
c - Stone Arrow           Conj/Erth      24%        3d8       14%         3

Your spell library contained the following spells:

 Spells                   Type           Power      Damage    Failure   Level
 Beastly Appendage        Tmut           4%         N/A       21%         1
 Animate Skeleton         Necr           0%         N/A       26%         1
 Pain                     Necr           0%         1d4       26%         1
 Wereblood                Tmut           2%         N/A       30%         2
 Sublimation of Blood     Necr           0%         N/A       36%         2
 Petrify                  Tmut/Erth      13%        N/A       41%         4
 Spider Form              Tmut/Pois      0%         N/A       56%         3
 Ozocubu's Armour         Ice            0%         N/A       61%         3
 Vampiric Draining        Necr           0%         2d6       61%         3
 Animate Dead             Necr           0%         N/A       95%         4
 Agony                    Necr           0%         N/A       100%        5
 Excruciating Wounds      Necr           0%         N/A       100%        5
 Metabolic Englaciation   Hex/Ice        0%         N/A       100%        5
 Simulacrum               Ice/Necr       0%         N/A       100%        6
 Haunt                    Necr/Summ      0%         N/A       100%        7
 Infestation              Necr           0%         N/A       100%        8


Dungeon Overview and Level Annotations

Branches:
Dungeon (8/15)             Temple (1/1) D:5
   Lair: D:8-11

Altars:
Ashenzari
Cheibriados
Dithmenos
Elyvilon
Fedhas
Gozag
Hepliaklqana
Kikubaaqudgha
Makhleb
Okawaru
Qazlal
Ru
Sif Muna
Trog
Uskayaw
Vehumet
Wu Jian
Xom
Yredelemnul
Zin
The Shining One

Shops:
D:1 *   D:3 =


Innate Abilities, Weirdness & Mutations

You are too large for most types of armour.
You have claws for hands.
Your natural rate of healing is unusually fast.
You are covered in fur. (AC +1)
You have tough skin. (AC +1)


Message History

* * * LOW HITPOINT WARNING * * *
It was a potion of ambrosia.
You are confused.
You feel invigorated. Something hits you.
* * * LOW HITPOINT WARNING * * *
Something hits you!
* * * LOW HITPOINT WARNING * * *
Something hits you.
* * * LOW HITPOINT WARNING * * *
Something hits you.
* * * LOW HITPOINT WARNING * * *
Something hits you but does no damage. Something hits you but does no damage.
Something hits you.
* * * LOW HITPOINT WARNING * * *
Something hits you.
* * * LOW HITPOINT WARNING * * *
Something hits you!
* * * LOW HITPOINT WARNING * * *
You feel less invigorated.
You feel less confused. Something hits you!
* * * LOW HITPOINT WARNING * * *
Something hits you!
* * * LOW HITPOINT WARNING * * *
Something hits you.
* * * LOW HITPOINT WARNING * * *
Something hits you but does no damage. Something hits you but does no damage.
It was a potion of lignification.
You turn into a tree.
Your +0 robe melds into your body.
Your roots penetrate the ground.
Something hits you.
* * * LOW HITPOINT WARNING * * *
You cannot move.
It was a potion of cancellation.
Your magical effects are unravelling.
You feel magically purged.
You feel less wooden.
Your +0 robe unmelds from your body.
Something hits you!
You die...
Kikubaaqudgha rasps: "You have failed me!
Welcome... death!"

#.# #.#
#.# #.#
#.# #.#
#.# #.#
#.# #.#
#.# #.#
#.# #.#
#.# #.#
#.# #@#
#.# #.#
#.# #.#
#.########
#.#
#........#
#)#
########.#
#.# #.#
#.#
#.###.#
#.....#


There were no monsters in sight!

Vanquished Creatures
  The ghost of NineInchNils the Sneak, a novice OpBr of Trog (D:5)
  A wraith (D:8)
  A sky beast (D:6)
  4 ice beasts
  2 black bears
  3 orc warriors
  2 ogres
  2 necrophages (D:5)
  A centaur (D:6)
  A phantom (D:4)
  3 bullfrogs
  A gnoll sergeant (D:8)
  2 scorpions
  A water moccasin skeleton (D:5)
  2 bullfrog zombies (D:6)
  2 orc priests
  A bullfrog skeleton (D:5)
  A hound (D:5)
  Crazy Yiuf (D:7)
  A gnoll shaman (D:7)
  2 iguanas (D:5)
  Jessica (D:2)
  4 orc wizards
  A hound skeleton (D:5)
  A howler monkey zombie (D:7)
  12 gnolls
  A howler monkey skeleton (D:6)
  3 adders
  2 white imps (D:7)
  An adder zombie (D:5)
  6 worms
  28 orcs
  8 bats
  4 endoplasms
  8 giant cockroaches
  2 hobgoblins
  7 jackals
  4 quokkas
  6 ball pythons
  3 frilled lizards
  4 goblins
  3 kobolds
  7 rats
151 creatures vanquished.

Notes
Turn   | Place    | Note
-------+----------+-------------------------------------------
     0 | D:1      | Malachi the Troll Earth Elementalist began the quest for
                  | the Orb.
     0 | D:1      | Reached XP level 1. HP: 16/16 MP: 1/1
     1 | D:1      | Found a runed translucent door.
   232 | D:1      | Reached skill level 1 in Unarmed Combat
   259 | D:1      | Reached XP level 2. HP: 20/20 MP: 2/2
   527 | D:1      | Found Xuimijig's Assorted Antiques.
   834 | D:1      | Reached skill level 2 in Unarmed Combat
   881 | D:1      | Reached XP level 3. HP: 25/30 MP: 1/3
  1377 | D:2      | Found a faded altar of an unknown god.
  1490 | D:2      | Noticed Jessica
  1497 | D:2      | Killed Jessica
  1498 | D:2      | Reached skill level 3 in Unarmed Combat
  1498 | D:2      | Reached XP level 4. HP: 29/39 MP: 4/4
  1696 | D:3      | Found Wezis's Jewellery Boutique.
  1900 | D:3      | Noticed a scorpion
  1906 | D:3      | Killed a scorpion
  1907 | D:3      | Reached XP level 5. HP: 5/45 MP: 5/5
  2066 | D:3      | Reached skill level 4 in Unarmed Combat
  2299 | D:3      | Found a snail-covered altar of Cheibriados.
  2301 | D:3      | Found a shimmering blue altar of Sif Muna.
  2429 | D:3      | Learned a level 2 spell: Passwall
  2433 | D:3      | Learned a level 3 spell: Stone Arrow
  2577 | D:4      | Noticed a phantom
  2589 | D:4      | Killed a phantom
  2590 | D:4      | Reached XP level 6. HP: 50/53 MP: 6/6
  2593 | D:4      | Reached skill level 5 in Unarmed Combat
  3314 | D:5      | Entered Level 5 of the Dungeon
  3401 | D:5      | Reached skill level 6 in Unarmed Combat
  3401 | D:5      | Reached XP level 7. HP: 17/59 MP: 7/7
  3571 | D:5      | Found a staircase to the Ecumenical Temple.
  3601 | D:5      | Reached skill level 5 in Earth Magic
  3650 | Temple   | Entered the Ecumenical Temple
  3704 | Temple   | Became a worshipper of Kikubaaqudgha
  3882 | D:5      | Reached skill level 7 in Unarmed Combat
  4232 | D:5      | You fall into a shaft and drop 3 floors!
  4265 | D:8      | Reached XP level 8. HP: 52/67 MP: 8/8
  4629 | D:8      | Reached skill level 8 in Unarmed Combat
  4815 | D:7      | Reached * piety under Kikubaaqudgha
  4815 | D:7      | Received a gift from Kikubaaqudgha
  4994 | D:7      | Reached skill level 9 in Unarmed Combat
  5277 | D:6      | Found a broken altar of Ashenzari.
  5475 | D:5      | Found a runed translucent gate.
  5476 | D:5      | Found a runed translucent gate.
  5477 | D:5      | Found a runed translucent gate.
  5477 | D:5      | Noticed NineInchNils's ghost (novice OpBr)
  5490 | D:5      | Killed NineInchNils's ghost
  5491 | D:5      | Reached XP level 9. HP: 64/74 MP: 2/9
  5914 | D:6      | Reached skill level 10 in Unarmed Combat
  6158 | D:7      | Reached ** piety under Kikubaaqudgha
  6483 | D:1      | Bought a scroll of identify for 44 gold pieces
  6483 | D:1      | Bought a scroll of identify for 44 gold pieces
  6483 | D:1      | Bought a scroll labelled UXZIWUTZOGIZ for 22 gold pieces
  6859 | D:7      | Found a runed translucent door.
  6860 | D:7      | Noticed Crazy Yiuf
  6890 | D:7      | Killed Crazy Yiuf
  7182 | D:8      | Noticed a two-headed ogre
  7273 | D:8      | a two-headed ogre changed into something unseen
  7301 | D:8      | Slain by an unseen horror

Illustrated notes

Levels and vault maps discovered:
D:1:      dpeg_arrival_caged_fury, layout_basic, serial_shops,
          nicolae_shop_crystal
D:2:      layout_loops_cross, chequers_ecumenical_altar_twisty,
          serial_bayou_pond_a, kennysheep_jessica_study
D:3:      layout_rooms, nicolae_overflow_hidden_temple, serial_shops,
          nicolae_shop_waterfront
D:4:      layout_loops_corners
D:5:      layout_basic, minmay_temple_entry_waves, ebering_ghost_rock_garden
D:6:      layout_cave_pools, old_standard_altar
D:7:      layout_basic, uniq_crazy_yiuf_cottage
D:8:      layout_basic
Temple:   compressed_dpeg_circular_temple

Skill      XL: |  1  2  3  4  5  6  7  8  9 |
---------------+----------------------------+-----
Unarmed Combat | 1 2 3 4 6 7 9 10 | 10.3
Earth Magic    | 3 4 5 7 8 |  8.1
Dodging        | |  1.5
Stealth        | |  1.0
Spellcasting   | |  1.2
Transmutations | |  0.6

Action                   |  1- 3 |  4- 6 |  7- 9 || total
-------------------------+-------+-------+-------++-------
Melee: Unarmed           |   125 |   138 |   220 ||   483
       Punch             |     1 |     1 |    11 ||    13
 Cast: Sandblast         |     1 |    17 |    35 ||    53
       Stone Arrow       |       |       |    27 ||    27
Evoke: Wand              |       |       |     1 ||     1
  Use: Scroll            |     1 |     3 |     6 ||    10
       Potion            |       |       |     4 ||     4
 Stab: Sleeping          |       |     1 |     1 ||     2
Armor: Robe              |    48 |    40 |    57 ||   145
Dodge: Dodged            |    59 |    54 |   119 ||   232
